 Dungeon Crawl Stone Soup version 0.17.1-1-g73c8601 (webtiles) character file.

988 Glider the Basher (level 7, -6/52 HPs)
             Began as a Demonspawn Fighter on Dec 29, 2015.
             Was a Follower of Okawaru.
             Killed by nerve-wracking pain
             ... invoked by Menkaure
              (9 damage)
             ... on level 5 of the Dungeon.
             The game lasted 00:17:25 (5486 turns).

Glider the Basher (Demonspawn Fighter)              Turns: 5486, Time: 00:17:25

Health: -6/52      AC:  7    Str: 19    XL:     7   Next: 97%
Magic:  0/7        EV:  9    Int:  9    God:    Okawaru [*.....]
Gold:   103        SH:  0    Dex: 12    Spells: 0 memorised, 6 levels left

rFire  . . .     SeeInvis .     x - +3 mace
rCold  . . .     Clarity  .     b - +0 scale mail
rNeg   . . .     SustAt   .     (no shield)
rPois  .         Gourm    .     (helmet restricted)
rElec  .         Spirit   +     (no cloak)
rCorr  .         Warding  .     (no gloves)
rMut   .         Stasis   .     (no boots)
MR     .....                    o - amulet of regeneration
Stlth  ..........               (no ring)
                                (no ring)

@: about to teleport, not resistant to hostile enchantments, extremely
unstealthy
A: horns 1, molten scales 1, magic shield
a: Heroism, Renounce Religion


You were on level 5 of the Dungeon.
You worshipped Okawaru.
Okawaru was aware of your devotion.
You were not hungry.

You visited 1 branch of the dungeon, and saw 5 of its levels.

You collected 253 gold pieces.
You spent 150 gold pieces at shops.

Inventory:

Hand Weapons
 a - a +0 flail
 x - a +3 mace (weapon)
Armour
 b - a +0 scale mail (worn)
 c - a +0 shield
Jewellery
 i - an uncursed ring of teleportation
 o - an amulet of regeneration (around neck)
 D - an uncursed amulet of resist mutation
Wands
 s - a wand of enslavement (7)
 F - a wand of teleportation (5)
Scrolls
 k - 4 scrolls of remove curse
 m - a scroll of recharging {unknown}
 p - a scroll of magic mapping {unknown}
 q - a scroll of immolation {unknown}
 y - a scroll of random uselessness {unknown}
 E - a scroll of identify
 H - a scroll of enchant armour
 I - a scroll of enchant weapon
Potions
 d - a potion of might
 f - a potion of berserk rage
 j - 2 potions of magic
 l - 2 potions of flight {unknown}
 t - a potion of cancellation
 u - a potion of lignification
 B - a potion of haste
 C - a potion of cure mutation
 G - a potion of brilliance {unknown}
Books
 r - a book of Dreams

   Spells                             Type                      Level
   a - Ensorcelled Hibernation        Hexes/Ice                    2
   b - Phase Shift                    Translocation                5
   c - Shadow Creatures               Summoning                    5
   d - Silence                        Hexes/Air                    5
   e - Darkness                       Hexes                        6
   f - Mass Confusion                 Hexes                        6
Comestibles
 e - 5 bread rations
 g - 2 meat rations
 v - a beef jerky
 w - 12 fruits
 z - a chunk of flesh
 A - a slice of pizza


   Skills:
 - Level 3.0 Fighting
 * Level 8.6 Maces & Flails
 - Level 2.6 Armour
 - Level 2.8 Shields


You had 6 spell levels left.
You didn't know any spells.

Dungeon Overview and Level Annotations

Branches:
Dungeon (5/15)
 Temple: D:4-7

Altars:
Cheibriados
Fedhas
Makhleb
Okawaru
Ru
Sif Muna
Trog

Shops:
D:5 ?%=

Annotations:
D:3 Andry07's ghost, amateur VSFi
D:5 Menkaure


Innate Abilities, Weirdness & Mutations

You have a pair of small horns on your head.
You are partially covered in molten scales (AC +1).
When hurt, damage is shared between your health and your magic reserves.


Message History

You thump Menkaure! You headbutt Menkaure.
Menkaure is heavily damaged.
Menkaure hits you!
* * * LOW HITPOINT WARNING * * *
Drink which item? (? for menu, Esc to quit)
Okay, then.
Okay, then.
Drink which item? (? for menu, Esc to quit)
You feel better.
Menkaure casts a spell.
Menkaure seems to speed up.
Menkaure points at you and mumbles some strange words.
Pain shoots through your body!
* * * LOW HITPOINT WARNING * * *
Read which item? (? for menu, Esc to quit)
As you read the scroll of teleportation, it crumbles to dust.
You feel strangely unstable.
Menkaure points at you and mumbles some strange words.
Pain shoots through your body!
You die...

.......## #### ........#
##... ........## #...
.........## ##..#
..........## #...#
........#..## #..#
........##.†#####..#
.......####...##...##
......∩# ##....@M..###
.......# #..........#
.......# ##................
......#####...(.............
............................
.....#####..................
.....# ###................
.....# ##....#########..
...### #)..## #.


You could see Menkaure.

Vanquished Creatures
  Eustachio (D:5)
  An ogre (D:4)
  Blork the orc (D:5)
  2 scorpions (D:5)
  2 hounds (D:4)
  A jelly (D:5)
  An orc priest (D:4)
  4 orc wizards
  A giant frog skeleton (D:4)
  3 worker ants
  6 gnolls
  9 adders
  An ooze (D:3)
  An adder zombie (D:5)
  An adder skeleton (D:4)
  A worm (D:3)
  16 orcs
  7 bats
  3 giant cockroaches
  6 goblins
  10 hobgoblins
  17 jackals
  3 quokkas
  6 giant geckos
  A giant gecko skeleton (D:4)
  3 giant newts
  2 kobolds (D:2)
  12 rats
122 creatures vanquished.

Notes
Turn   | Place    | Note
--------------------------------------------------------------
     0 | D:1      | Glider the Demonspawn Fighter began the quest for the Orb.
     0 | D:1      | Reached XP level 1. HP: 18/18 MP: 1/1
   408 | D:1      | Gained mutation: You have a pair of small horns on your head. [demonic ancestry]
   408 | D:1      | Reached XP level 2. HP: 20/24 MP: 2/2
  1093 | D:2      | Reached XP level 3. HP: 29/29 MP: 3/3
  1469 | D:2      | Found an iron altar of Okawaru.
  1479 | D:2      | Reached XP level 4. HP: 12/35 MP: 4/4
  1489 | D:2      | Reached skill level 4 in Maces & Flails
  1781 | D:2      | Became a worshipper of Warmaster Okawaru
  2435 | D:2      | Found a deep blue altar of Sif Muna.
  2613 | D:3      | Gained mutation: When hurt, damage is shared between your health and your magic reserves. [demonic ancestry]
  2613 | D:3      | Reached XP level 5. HP: 37/41 MP: 5/5
  2738 | D:3      | Found a bloodstained altar of Trog.
  2738 | D:3      | Found a burning altar of Makhleb.
  2739 | D:3      | Found a blossoming altar of Fedhas.
  2872 | D:3      | Reached skill level 5 in Maces & Flails
  2985 | D:3      | Noticed Andry07's ghost (amateur VSFi)
  3746 | D:3      | Reached XP level 6. HP: 30/47 MP: 4/6
  3905 | D:4      | Reached skill level 6 in Maces & Flails
  4060 | D:4      | Found a sacrificial altar of Ru.
  4344 | D:4      | Noticed an ogre
  4358 | D:4      | Killed an ogre
  4358 | D:4      | Reached * piety under Okawaru
  4575 | D:4      | Reached skill level 7 in Maces & Flails
  4575 | D:4      | Gained mutation: You are partially covered in molten scales (AC +1). [demonic ancestry]
  4575 | D:4      | Reached XP level 7. HP: 45/52 MP: 7/7
  4620 | D:4      | Found a snail-covered altar of Cheibriados.
  5147 | D:5      | Entered Level 5 of the Dungeon
  5194 | D:5      | Noticed Blork the orc
  5204 | D:5      | Killed Blork the orc
  5329 | D:5      | Found Vuamet's Food Boutique.
  5353 | D:5      | Noticed Eustachio
  5362 | D:5      | Killed Eustachio
  5362 | D:5      | Reached skill level 8 in Maces & Flails
  5400 | D:5      | Found Vifol's Jewellery Shop.
  5418 | D:5      | Found Nuetant's Magic Scroll Shop.
  5442 | D:5      | Bought a scroll of enchant armour for 75 gold pieces
  5442 | D:5      | Bought a scroll of enchant weapon for 75 gold pieces
  5473 | D:5      | Noticed Menkaure
  5485 | D:5      | HP: 2/52 [Menkaure/nerve-wracking pain (13)]
  5486 | D:5      | Killed from afar by Menkaure

Action                   |  1- 3 |  4- 6 |  7- 9 || total
-------------------------+-------+-------+-------++-------
Melee: Flail             |   121 |   119 |       ||   240
       Dagger            |       |    54 |       ||    54
       Mace              |       |    25 |   110 ||   135
  Use: Scroll            |       |     6 |     6 ||    12
       Potion            |       |       |     1 ||     1
  Eat: Chunk             |     2 |    10 |     4 ||    16
